 Dungeon Sprint DCSS version 0.30-a0-222-ge547ba4400 (webtiles) character file.

Game seed: 1647048066806129117

1524 tbh1313 the Bludgeoner (level 8, -3/111 HPs)
             Began as a Troll Berserker on Oct 9, 2022.
             Was an Elder of Trog.
             Slain by a demonic crawler (4 damage)
             ... in the Dungeon (Sprint I: "Red Sonja").
             The game lasted 00:02:21 (312 turns).

tbh1313 the Bludgeoner (Troll Berserker)             Turns: 312, Time: 00:02:21

Health: -3/111     AC:  4    Str: 26    XL:     8   Next: 54%
Magic:  7/7        EV: 10    Int:  5    God:    Trog [****..]
Gold:   418        SH:  0    Dex:  9    Spells: 7/7 levels left

rFire   . . .      SeeInvis .    j - +0 giant spiked club
rCold   . . .      Faith    .    (shield currently unavailable)
rNeg    . . .      Spirit   .    b - +0 animal skin
rPois   .          Reflect  .    (helmet restricted)
rElec   .          Harm     .    (no cloak)
rCorr   .          Rampage  .    (gloves unavailable)
Will    .....      NoTele   +    (boots unavailable)
Stlth   ..........               (no amulet)
HPRegen 1.18/turn                (no ring)
MPRegen 0.10/turn                (no ring)

@: berserking, very quick
A: large, unfitting armour, claws 3, regeneration 1, shaggy fur 1, tough skin 1
a: Renounce Religion, Berserk, Trog's Hand, Brothers in Arms


You were in the Dungeon.
You worshipped Trog.
Trog was greatly pleased with you.
You visited 1 branch You collected 418 gold pieces.

Inventory:

Hand Weapons
 j - a +0 giant spiked club (weapon)
Armour
 b - a +0 animal skin (worn)
Wands
 i - a wand of roots (8)
Potions
 c - a potion of curing
 e - a potion of haste
 f - 2 potions of magic
 g - a potion of berserk rage


   Skills:
 - Level 2.4 Fighting
 + Level 17.4 Maces & Flails
 - Level 2.4 Dodging


You had 7 spell levels left.
You didn't know any spells.
Your spell library was empty.

Dungeon Overview and Level Annotations

Branches:
Dungeon (1/1)

Altars:
Cheibriados
Dithmenos
Elyvilon
Fedhas
Gozag
Hepliaklqana
Kikubaaqudgha
Makhleb
Nemelex Xobeh
Okawaru
Qazlal
Ru
Sif Muna
Trog
Uskayaw
Vehumet
Wu Jian
Xom
Yredelemnul
Zin
The Shining One
Jiyva
Lugonu

Shops:
D ?


Innate Abilities, Weirdness & Mutations

You are too large for most types of armour.
You have claws for hands.
Your natural rate of healing is unusually fast.
You are covered in fur. (AC +1)
You have tough skin. (AC +1)


Message History

The demonic crawler gives a hideous shriek!
You puncture the demonic crawler!
The demonic crawler is lightly wounded.
The demonic crawler shrieks in warning!
The demonic crawler hits you! The demonic crawler closely misses you.
The demonic crawler hits you!
You sock the demonic crawler!
The demonic crawler is moderately wounded.
The demonic crawler hits you!
The demonic crawler hits you but does no damage.
The demonic crawler hits you!
The demonic crawler shrieks in warning!
You barely miss the demonic crawler.
The demonic crawler is moderately wounded.
The demonic crawler hits you! The demonic crawler closely misses you.
The demonic crawler hits you but does no damage.
You hammer the demonic crawler like a gong!!!
The demonic crawler is almost dead.
The demonic crawler hits you but does no damage.
The demonic crawler hits you!
* * * LOW HITPOINT WARNING * * *
The demonic crawler barely misses you.
The demonic crawler shrieks in warning!
You thump the demonic crawler!
You kill the demonic crawler!
Trog accepts your kill.
You can now call in reinforcements.
The demonic crawler hits you.
* * * LOW HITPOINT WARNING * * *
The demonic crawler hits you.
* * * LOW HITPOINT WARNING * * *
The demonic crawler misses you.
A gargoyle comes into view. It is wielding a +0 flail.
The demonic crawler shrieks in warning!
Your Maces & Flails skill increases to level 17!
You barely miss the demonic crawler. The demonic crawler hits you!
* * * LOW HITPOINT WARNING * * *
The demonic crawler hits you.
* * * LOW HITPOINT WARNING * * *
The demonic crawler hits you.
You die...

######################
..)..#..'..#__#.@s)).#
).#..').#..'..'.s#.s.##+#
####'#####'#__####...'..#
# #..#...#.####§§#####9.+
__####..##)#~~§§c# ##
_____##'#_.+~§~..+
_.∩...'..._# _..__##_.#'#
_____###+#.#


You could see 3 demonic crawlers and a gargoyle.

Levels and vault maps discovered:
D:        dungeon_sprint_1 [red_sonja_temple_1, red_sonja_temple_small_1]

Notes
Turn   | Place    | Note
-------+----------+-------------------------------------------
     0 | D        | tbh1313 the Troll Berserker began the quest for the Orb.
     0 | D        | Reached XP level 1. HP: 22/22 MP: 0/0
     1 | D        | Noticed Ijyb
     9 | D        | Killed Ijyb
    10 | D        | Reached skill level 5 in Maces & Flails
    10 | D        | Reached XP level 2. HP: 14/29 MP: 1/1
    43 | D        | Noticed an ogre
    47 | D        | Killed an ogre
    48 | D        | Reached skill level 8 in Maces & Flails
    48 | D        | Reached XP level 3. HP: 12/36 MP: 2/2
    48 | D        | Reached XP level 4. HP: 14/44 MP: 3/3
    85 | D        | Noticed Sigmund
   103 | D        | Killed Sigmund
   103 | D        | Reached ** piety under Trog
   104 | D        | Reached skill level 11 in Maces & Flails
   104 | D        | Reached XP level 5. HP: 49/50 MP: 4/4
   116 | D        | Found an ornate altar of the Wu Jian Council.
   116 | D        | Found a shimmering blue altar of Sif Muna.
   118 | D        | Found a radiant altar of Vehumet.
   121 | D        | Reached skill level 12 in Maces & Flails
   121 | D        | Reached XP level 6. HP: 47/59 MP: 5/5
   144 | D        | Found Seugg's Magic Scroll Emporium.
   144 | D        | Found an ancient bone altar of Kikubaaqudgha.
   144 | D        | Found a hazy altar of Hepliaklqana.
   144 | D        | Found a stormy altar of Qazlal.
   144 | D        | Found a hide-covered altar of Uskayaw.
   144 | D        | Found a blossoming altar of Fedhas.
   144 | D        | Found a bloodstained altar of Trog.
   144 | D        | Found an iron altar of Okawaru.
   144 | D        | Found a basalt altar of Yredelemnul.
   144 | D        | Found a glowing golden altar of the Shining One.
   144 | D        | Found a snail-covered altar of Cheibriados.
   144 | D        | Found a sacrificial altar of Ru.
   144 | D        | Found a glowing silver altar of Zin.
   144 | D        | Found a shadowy altar of Dithmenos.
   144 | D        | Found a white marble altar of Elyvilon.
   144 | D        | Noticed a yak
   158 | D        | Killed a yak
   159 | D        | Reached skill level 13 in Maces & Flails
   181 | D        | Found an opulent altar of Gozag.
   182 | D        | Found a sparkling altar of Nemelex Xobeh.
   197 | D        | Noticed a centaur warrior
   204 | D        | Found a burning altar of Makhleb.
   204 | D        | Found a viscous altar of Jiyva.
   204 | D        | Found a shimmering altar of Xom.
   204 | D        | Found a corrupted altar of Lugonu.
   204 | D        | Noticed a slime creature
   211 | D        | Killed a slime creature
   212 | D        | Reached skill level 14 in Maces & Flails
   212 | D        | Reached XP level 7. HP: 50/66 MP: 6/6
   238 | D        | Noticed a kobold demonologist
   238 | D        | Noticed a kobold demonologist
   248 | D        | Killed a kobold demonologist
   248 | D        | Reached *** piety under Trog
   249 | D        | Reached skill level 15 in Maces & Flails
   254 | D        | Killed a kobold demonologist
   255 | D        | Reached skill level 16 in Maces & Flails
   255 | D        | Reached XP level 8. HP: 74/74 MP: 7/7
   263 | D        | Noticed a demonic crawler
   263 | D        | Noticed a demonic crawler
   263 | D        | Noticed a demonic crawler
   263 | D        | Noticed a demonic crawler
   311 | D        | Killed a demonic crawler
   311 | D        | Reached **** piety under Trog
   311 | D        | Noticed a gargoyle
   312 | D        | Reached skill level 17 in Maces & Flails
   312 | D        | HP: 6/111 [demonic crawler (8)]
   312 | D        | HP: 1/111 [demonic crawler (5)]
   312 | D        | Slain by a demonic crawler

Table legend: (Time is in decaauts)
 A = Elapsed time spent in this place.
 B = Non-inter-level travel time spent in this place.
 C = Inter-level travel time spent in this place.
 D = Time resting spent in this place.
 E = Time spent auto-exploring this place.
 F = Levels seen in this place.
 G = Mean time per level.
                   A        B        C        D        E       F      G
               +--------+--------+--------+--------+--------+-----+--------+
         Total |    365 |    365 |      0 |    162 |      1 |   1 |  365.0 |
       Dungeon |    365 |    365 |      0 |    162 |      1 |   1 |  365.0 |
               +--------+--------+--------+--------+--------+-----+--------+

Top non-repeatable levels by time:
       D: 365 daAuts

Table legend:
 A = Kills in this place as a percentage of kills in entire the game.
 B = Kills by you in this place as a percentage of kills by you in the entire game.
 C = Kills by friends in this place as a percentage of kills by friends in the entire game.
 D = Other kills in this place as a percentage of other kills in the entire game.
 E = Experience gained in this place as a percentage of experience gained in the entire game.
 F = Experience gained in this place divided by the number of levels of this place that you have seen.
                   A       B       C       D       E      F
               +-------+-------+-------+-------+-------+----------------------
         Total | 100.0 | 100.0 |   N/A |   N/A | 100.0 | 2178.0
       Dungeon | 100.0 | 100.0 |   N/A |   N/A | 100.0 | 2178.0
               +-------+-------+-------+-------+-------+----------------------

Action                   |  1- 3 |  4- 6 |  7- 9 || total
-------------------------+-------+-------+-------++-------
Melee: Mace              |     8 |       |       ||     8
       Giant spiked club |       |    34 |    17 ||    51
Invok: Berserk           |     2 |     2 |     2 ||     6
       Trog's Hand       |       |       |     1 ||     1
  Use: Potion            |       |     1 |       ||     1
       Scroll            |       |     1 |     1 ||     2
Armor: Animal skin       |     1 |     6 |    11 ||    18
Dodge: Dodged            |       |    11 |    12 ||    23

Vanquished Creatures
  A demonic crawler (D)
  2 kobold demonologists (D)
  A slime creature (D)
  Sigmund (D)
  A yak (D)
  A floating eye (D)
  An ogre (D)
  A jelly (D)
  Ijyb (D)
10 creatures vanquished.
